 Dungeon Crawl Stone Soup version 0.30.1-9-gdf580d7c3d (webtiles) character file.

Game seed: 12198753896415213691

151 Cheops the Conjurer (level 5, 0/42 HPs)
             Began as a Naga Fire Elementalist on Oct 10, 2023.
             Was an Initiate of Cheibriados.
             Slain by a gnoll
             ... wielding a +0 club
             ... led by a gnoll bouda
              (4 damage)
             ... on level 3 of the Dungeon.
             The game lasted 00:11:58 (2409 turns).

Cheops the Conjurer (Naga Fire Elementalist)        Turns: 2409, Time: 00:11:59

Health: 0/42       AC:  3    Str: 11    XL:     5   Next: 33%
Magic:  4/8        EV: 10    Int: 19    God:    Cheibriados [......]
Gold:   176        SH:  0    Dex: 12    Spells: 1/8 levels left

rFire   . . .        a - +0 dagger
rCold   . . .        (no shield)
rNeg    . . .        c - +1 robe
rPois   +            (no helmet)
rElec   .            (no cloak)
rCorr   .            (no gloves)
SInv    +            (no barding)
Will    .....        (no amulet)
Stlth   ++           l - ring of wizardry
HPRegen 0.27/turn    (no ring)
MPRegen 0.11/turn

%: wizardry (x1)
@: about to teleport, very slow
A: AC +1, large, see invisible, deformed body, poison resistance, slowness 2,
spit poison 1, naga tail 1
a: Spit Poison, Renounce Religion


You were on level 3 of the Dungeon.
You worshipped Cheibriados.
Cheibriados was noncommittal.
You visited 1 branch of the dungeon, and saw 3 of its levels.

You collected 176 gold pieces.

Inventory:

Hand Weapons
 a - a +0 dagger (weapon)
Armour
 c - a +1 robe (worn)
Jewellery
 l - a ring of wizardry (left hand)
Scrolls
 d - a scroll of enchant armour
 m - a scroll of vulnerability {unknown}
Potions
 e - 2 potions of berserk rage {unknown}
 f - a potion of attraction {unknown}
 g - a potion of mutation {unknown}
 h - 2 potions of curing {unknown}
 k - a potion of might {unknown}
 n - a potion of brilliance {unknown}


   Skills:
 - Level 1.5 Dodging
 - Level 3.0 Stealth
 - Level 2.0 Spellcasting
 - Level 4.0 Conjurations
 * Level 3.8 Fire Magic
 + Level 1.6 Invocations


You had one spell level left.
You knew the following spells:

 Your Spells              Type           Power      Damage    Failure   Level
a - Foxfire               Conj/Fire      64%        2x1d7     1%          1
b - Scorch                Fire           32%        2d6       2%          2
w - Flame Wave            Conj/Fire      16%        2d7       13%         4

Your spell library contained the following spells:

 Spells                   Type           Power      Damage    Failure   Level
 Inner Flame              Hex/Fire       9%         N/A       9%          3
 Volatile Blastmotes      Fire/Tloc      18%        2d11      9%          3
 Poisonous Vapours        Pois/Air       2%         N/A       11%         2
 Mephitic Cloud           Conj/Pois/Air  6%         N/A       12%         3
 Freezing Cloud           Conj/Ice/Air   3%         6-21      69%         5


Dungeon Overview and Level Annotations

Branches:
Dungeon (3/15)

Altars:
Cheibriados


Innate Abilities, Weirdness & Mutations

Your serpentine skin is tough. (AC +1)
You have supernaturally acute eyesight. (SInv)
Armour fits poorly on your strangely shaped body.
Your system is resistant to poisons. (rPois)
You cover ground very slowly.
You can spit poison.
You have a snake-like lower body.


Message History

The gnoll is heavily wounded.
Aiming: Spit Poison (1% risk of failure)
Press: ? - help, Shift-Dir - straight line, f/p - gnoll bouda
Aim: a gnoll bouda, wielding a +0 club and wearing a +0 leather armour (severely wounded, 65% to hit)
The splash of poison hits the gnoll bouda.
The gnoll bouda is poisoned.
The gnoll bouda is almost dead.
Your attacks no longer feel as feeble.
The gnoll bouda hits you with a +0 club!
* * * LOW HITPOINT WARNING * * *
A gnoll comes into view. It is wielding a +0 spear.
You barely miss the gnoll bouda.
The gnoll bouda is almost dead.
The gnoll hits you with a +0 club.
* * * LOW HITPOINT WARNING * * *
The gnoll bouda hits you with a +0 club.
* * * LOW HITPOINT WARNING * * *
You barely miss the gnoll bouda.
The gnoll bouda is almost dead.
The gnoll hits you with a +0 club.
* * * LOW HITPOINT WARNING * * *
The gnoll bouda barks out a call to the hunt!
The gnoll picks up the pace!
You hit the gnoll bouda.
You kill the gnoll bouda!
Cheibriados appreciates the change of pace.
The gnoll hits you with a +0 club.
* * * LOW HITPOINT WARNING * * *
As you read the scroll labelled AGUROY TENU, it crumbles to dust.
It is a scroll of identify.
j - a scroll of teleportation The gnoll barely misses you.
The gnoll hits you from afar with a +0 spear.
* * * LOW HITPOINT WARNING * * *
As you read the scroll of teleportation, it crumbles to dust.
You feel strangely unstable.
The gnoll is no longer moving quickly.
The gnoll barely misses you. The gnoll hits you but does no damage.
You have got your breath back.
The gnoll hits you with a +0 club.
You die...

##......#####.#
........# #.#
..#'##### #<#
..#.# #.# ..#.#
#.# ..#.# #(#
..'.# #.##
..### #..###
### ##..@##
###.g## ##g.#
##.# #.# #.#
#)## #..#
##......#


You could see 2 gnolls.

Vanquished Creatures
  A gnoll bouda (D:3)
  A sleepcap (D:3)
  A gnoll (D:3)
  An adder (D:3)
  A white imp (D:3)
  6 dart slugs
  An orc (D:3)
  4 endoplasms
  4 giant cockroaches
  8 goblins
  3 hobgoblins
  3 jackals (D:2)
  2 quokkas (D:1)
  2 ball pythons
  9 bats
  2 frilled lizards
  8 kobolds
  6 rats
63 creatures vanquished.

Vanquished Creatures (others)
  151 foxfires
151 creatures vanquished.

Grand Total: 214 creatures vanquished

Notes
Turn   | Place    | Note
-------+----------+-------------------------------------------
     0 | D:1      | Cheops the Naga Fire Elementalist began the quest for the
                  | Orb.
     0 | D:1      | Reached XP level 1. HP: 15/15 MP: 3/3
   170 | D:1      | Reached skill level 2 in Conjurations
   170 | D:1      | Reached XP level 2. HP: 22/22 MP: 0/5
   708 | D:1      | Reached XP level 3. HP: 28/28 MP: 1/6
   718 | D:1      | Reached skill level 3 in Conjurations
   917 | D:1      | Learned a level 2 spell: Scorch
  1722 | D:3      | Reached XP level 4. HP: 36/36 MP: 3/7
  1886 | D:3      | Found a snail-covered altar of Cheibriados.
  1893 | D:3      | Became a worshipper of Cheibriados the Contemplative
  1956 | D:3      | Learned a level 4 spell: Flame Wave
  1989 | D:3      | Reached skill level 4 in Conjurations
  2101 | D:3      | Reached skill level 1 in Invocations
  2382 | D:3      | Reached XP level 5. HP: 27/42 MP: 6/8
  2409 | D:3      | Slain by a gnoll

Illustrated notes

Levels and vault maps discovered:
D:1:      noname_arrival_rooms_in_the_neighbourhood, layout_loops_ring
D:2:      layout_basic
D:3:      minmay_diamond_boxcup, layout_basic, mainiacjoe_overflow_alcove_2,
          cheibrodos_sewer_entry_bend

Skill      XL: |  1  2  3  4 |
---------------+-------------+-----
Conjurations   | 2 3 4 |  4.0
Invocations    | 1 |  1.6
Dodging        | |  1.5
Stealth        | |  3.0
Spellcasting   | |  2.0
Fire Magic     | |  3.8

Action                     |  1- 3 |  4- 6 || total
---------------------------+-------+-------++-------
  Melee: Club              |     4 |       ||     4
         Dagger            |    14 |     9 ||    23
   Cast: Foxfire           |    62 |    27 ||    89
         Flame Wave        |       |     1 ||     1
Ability: Spit Poison       |     6 |     6 ||    12
    Use: Scroll            |     2 |     3 ||     5
         Potion            |       |     1 ||     1
 Armour: Robe              |     7 |     5 ||    12
  Dodge: Dodged            |    14 |    12 ||    26
